 Dungeon Crawl Stone Soup version v1.0-3-g0d6430d (webtiles) character file.

49 Jacco the Insei (level 3, 0/34 HPs)
             Began as a Golem Monk on Oct 18, 2018.
             Slain by Antroll's ghost (7 damage)
             ... on level 3 of the Dungeon.
             The game lasted 00:05:42 (1750 turns).

Jacco the Insei (Golem Monk)                        Turns: 1750, Time: 00:05:42

Health: 0/34       AC:  8    Str: 20    XL:     3   Next: 32%
Magic:  3/3        EV: 11    Int: 20    God:
Gold:   100        SH:  0    Dex: 20    Spells: 2/2 levels left

rFire    . . .     SeeInvis .     - Unarmed
rCold    . . .     Gourm    .   (shield unavailable)
rNeg     + + +     Faith    .   (armour unavailable)
rPois    ∞         Spirit   .   (helmet unavailable)
rElec    .         Reflect  .   (cloak unavailable)
rCorr    .         Harm     .   (gloves unavailable)
MR       .....                  (boots unavailable)
Stlth    ++........             (amulet unavailable)
HPRegen  0.11/turn              (ring unavailable)
MPRegen  0.08/turn              (ring unavailable)

@: no status effects
A: large, negative energy resistance 3, torment resistance, unbreathing, rot
immunity, AC +8
a: no special abilities


You were on level 3 of the Dungeon.
You were not hungry.

You visited 1 branch of the dungeon, and saw 3 of its levels.

You collected 100 gold pieces.

Inventory:

Scrolls
 d - a scroll of remove curse
 g - a scroll of immolation
 h - 2 scrolls of fog
 i - a scroll of teleportation
 l - a scroll of blinking {unknown}
Potions
 a - a potion of magic
 b - a potion of curing
 f - a potion of invisibility {unknown}
 j - 2 potions of heal wounds {unknown}
 k - a potion of lignification {unknown}
 m - a potion of flight {unknown}


   Skills:
 + Level 3.5 Fighting
 - Level 2.6 Dodging
 - Level 1.5 Stealth
 * Level 4.5 Unarmed Combat


You had 2 spell levels left.
You didn't know any spells.

Dungeon Overview and Level Annotations

Branches:
Dungeon (3/15)

Altars:
Elyvilon
Vehumet
Yredelemnul

Annotations:
D:3 Antroll's ghost, amateur CeUs


Innate Abilities, Weirdness & Mutations

You cannot use equipment.
You do not eat.
Your clay body is tough. (AC +8)
You are immune to poison.
You are immune to negative energy. (rN+++)
You are immune to unholy pain and torment.
You can survive without breathing.
You are immune to rotting.


Message History

Antroll's ghost is lightly damaged.
Antroll's ghost hits you!
You barely miss Antroll's ghost.
Antroll's ghost is lightly damaged.
Antroll's ghost hits you but does no damage.
You hit Antroll's ghost.
Antroll's ghost is moderately damaged.
Antroll's ghost hits you.
* * * LOW HITPOINT WARNING * * *
You hit Antroll's ghost.
Antroll's ghost is moderately damaged.
Antroll's ghost barely misses you.
You closely miss Antroll's ghost.
Antroll's ghost is moderately damaged.
Antroll's ghost hits you.
* * * LOW HITPOINT WARNING * * *
You closely miss Antroll's ghost. Your punch misses Antroll's ghost.
Antroll's ghost is moderately damaged.
Antroll's ghost hits you!
You die...

#.. .......#.## #. #.#
###.##..#.# #. #..
..........# #. #$#
##.##..### #. #.# #.###.#
## #.######.# #.# #.#
........#####.###.#######
#.###..............#.....#
#........W@.........<#####
..###..#####.######### #..
#.######## #.. #...(.....
#.. #########. #.. #.. ...


You could see Antroll's ghost.

Vanquished Creatures
  An adder (D:2)
  2 worms (D:2)
  2 leopard geckos (D:1)
  3 bats
  A giant cockroach (D:1)
  6 goblins
  4 hobgoblins
  3 jackals (D:1)
  A quokka (D:2)
  A ball python (D:2)
  4 frilled lizards (D:2)
  A kobold (D:2)
  3 rats
32 creatures vanquished.

Notes
Turn   | Place    | Note
-------+----------+-------------------------------------------
     0 | D:1      | Jacco the Golem Monk began the quest for the Orb.
     0 | D:1      | Reached XP level 1. HP: 21/21 MP: 1/1
   244 | D:1      | Reached XP level 2. HP: 28/28 MP: 2/2
   385 | D:1      | Reached skill level 4 in Unarmed Combat
   824 | D:2      | Reached XP level 3. HP: 29/34 MP: 3/3
   851 | D:2      | Found a basalt altar of Yredelemnul.
   905 | D:2      | Found a radiant altar of Vehumet.
  1457 | D:2      | Found a white marble altar of Elyvilon.
  1730 | D:3      | Noticed Antroll's ghost (amateur CeUs)
  1750 | D:3      | Slain by Antroll's ghost

Skill      XL: |  1  2 |
---------------+-------+-----
Unarmed Combat | 4 |  4.5
Fighting       | |  3.5
Dodging        | |  2.6
Stealth        | |  1.5

Action                   || total
-------------------------++-------
Melee: Unarmed           ||   115
       Punch             ||     1
  Use: Scroll            ||    10
 Stab: Sleeping          ||     9
Armor: Skin              ||    45
Dodge: Dodged            ||    58
